 Dungeon Crawl Stone Soup version 0.26-a0-1012-gedcf9b2963 (webtiles) character file.

Game seed: 16589395458687570711

4 EnegeticOcto the Shield-Bearer (level 1, 0/20 HPs)
             Began as a Deep Dwarf Fighter on Dec 7, 2020.
             Slain by Sigmund
             ... wielding a +0 scythe
              (9 damage)
             ... on level 2 of the Dungeon.
             The game lasted 00:00:37 (94 turns).

EnegeticOcto the Shield-Bearer (Deep Dwarf Fighter)   Turns: 94, Time: 00:00:37

Health: 0/20       AC:  6    Str: 19    XL:     1   Next: 58%
Magic:  1/1        EV:  7    Int:  8    God:
Gold:   41         SH:  9    Dex: 12    Spells: 0/0 levels left

rFire    . . .     SeeInvis .   a - +0 war axe
rCold    . . .     Faith    .   c - +0 kite shield
rNeg     . . .     Spirit   .   b - +0 scale mail
rPois    .         Reflect  .   (no helmet)
rElec    .         Harm     .   (no cloak)
rCorr    .         Rampage  .   (no gloves)
Will     .....                  (no boots)
Stlth    ..........             (no amulet)
HPRegen  0.00/turn              (no ring)
MPRegen  0.07/turn              (no ring)

@: non-regenerating
A: damage resistance, heal wounds, sense surroundings 1, no regeneration
a: Heal Wounds


You were on level 2 of the Dungeon.
You visited 1 branch of the dungeon, and saw 2 of its levels.

You collected 41 gold pieces.

Inventory:

Hand Weapons
 a - a +0 war axe (weapon)
Armour
 b - a +0 scale mail (worn)
 c - a +0 kite shield (worn)
Scrolls
 g - a scroll of remove curse {unknown}
 h - 2 scrolls of identify {unknown}
Potions
 d - a potion of might {@q3 !q}
 e - a potion of magic {unknown}
 f - a potion of curing {unknown}


   Skills:
 - Level 2.6 Fighting
 + Level 2.7 Axes
 - Level 3.2 Armour
 - Level 3.2 Shields


You couldn't memorise any spells.
You didn't know any spells.
Your spell library was empty.

Dungeon Overview and Level Annotations

Branches:
Dungeon (2/15)

Altars:

Annotations:
D:2 Sigmund


Innate Abilities, Weirdness & Mutations

You are resistant to damage.
You can heal yourself by infusing magical energy.
You passively map a small area around you.
You do not regenerate.


Message History

Welcome, EnegeticOcto the Deep Dwarf Fighter.
Will you prevail where others failed? Will you find the Orb of Zot?
Press ? for a list of commands and other information.
Found a lumpy pink potion.
Found a staircase leading out of the dungeon.
e - a lumpy pink potion You open the door.
There is an open door here.
You open the door.
There is an open door here.
Found a spear. 3 jackals come into view.
The jackal barks! x3
Found 14 gold pieces.
The jackal bites you. x2; The jackal closely misses you.
The jackal bites you.
You closely miss the jackal. You hit the jackal.
You hit the jackal but do no damage. The jackal barely misses you. x2
The jackal bites you. You block the jackal's attack.
The jackal bites you but does no damage. x2
You barely miss the jackal.
The jackal is heavily wounded.
You hit the jackal. x2
You kill the jackal!
The jackal bites you but does no damage.
You block the jackal's attack. The jackal misses you.
You block the jackal's attack.
You slash the jackal!
You kill the jackal!
You hit the jackal.
You kill the jackal!
You now have 14 gold pieces.
Found a fuming silvery potion.
f - a fuming silvery potion
Found a scroll labelled TEADOLO GIZI.
Found a stone staircase leading down.
Found 11 gold pieces.
g - a scroll labelled TEADOLO GIZI A frilled lizard comes into view.
The frilled lizard hisses angrily.
Found 4 gold pieces.
Found 12 gold pieces, 19 stones and 2 scrolls labelled RAELUGIU QAOP.
You block the frilled lizard's attack.
Found a mace.
You see here 11 gold pieces.
You now have 25 gold pieces (gained 11).
You block the frilled lizard's attack.
You see here 4 gold pieces.
You now have 29 gold pieces (gained 4).
The frilled lizard bites you but does no damage.
The frilled lizard closely misses you.
You see here 2 scrolls labelled RAELUGIU QAOP.
h - 2 scrolls labelled RAELUGIU QAOP You block the frilled lizard's attack.
The frilled lizard bites you but does no damage.
You see here 19 stones.
You see here 12 gold pieces.
You now have 41 gold pieces (gained 12).
You block the frilled lizard's attack. You block the frilled lizard's attack.
There is a stone staircase leading down here.
The frilled lizard bites you but does no damage.
You climb downwards.
Found 24 sling bullets.
There is a stone staircase leading up here.
You block the frilled lizard's attack.
Sigmund the Dreaded comes into view.
He is wielding a +0 scythe.
Sigmund shouts!
Sigmund casts a spell at you. You resist with significant effort.
Sigmund casts a spell at you.
You are confused.
You bump into the rock wall.
The frilled lizard closely misses you.
Sigmund hits you from afar with a +0 scythe.
You bump into the rock wall.
The frilled lizard bites you but does no damage.
Sigmund closely misses you.
You barely miss the frilled lizard. You miss Sigmund.
The frilled lizard barely misses you. Sigmund gestures at you while chanting.
You resist with significant effort. The frilled lizard barely misses you.
You feel less confused. You block Sigmund's attack.
You barely miss Sigmund. You slash the frilled lizard!
You kill the frilled lizard!
Sigmund barely misses you.
You barely miss Sigmund.
Sigmund screams, "Die, monster!"
Sigmund gestures at you while chanting.
The puff of flame hits you but does no damage.
Your scale mail prevents you from hitting Sigmund.
Sigmund barely misses you.
You closely miss Sigmund. Sigmund closely misses you.
You slash Sigmund!
Sigmund is moderately wounded.
Sigmund hits you with a +0 scythe!
You closely miss Sigmund.
Sigmund is moderately wounded.
Sigmund hits you with a +0 scythe!
You die...

* , ** , , *,
###### *
##########.....#
* *
#<......@.......
, ,
#.#####†@###.##*
#..........# *
#..#######.#, ,
#..# *..., ,** *
#..# * ###**
,...# * * * , **
#.(# *, , * * *
* , ** ,


You could see Sigmund.

Vanquished Creatures
  3 jackals (D:1)
  A frilled lizard (D:2)
4 creatures vanquished.

Notes
Turn   | Place    | Note
-------+----------+-------------------------------------------
     0 | D:1      | EnegeticOcto the Deep Dwarf Fighter began the quest for the
                  | Orb.
     0 | D:1      | Reached XP level 1. HP: 20/20 MP: 1/1
    80 | D:2      | Noticed Sigmund
    94 | D:2      | Slain by Sigmund

Illustrated notes

Levels and vault maps discovered:
D:1:      dpeg_arrival_rooms_a, layout_rooms, chequers_serial_rivers_small_b,
          chequers_serial_rivers_micro_e, st_stairs_9, minmay_pentomino_t4
D:2:      layout_loops_cross, grunt_temple_overflow_open,
          nicolae_overflow_crystal_walls, uniq_sigmund, uniq_jessica

Action                   || total
-------------------------++-------
Melee: War axe           ||    10
Armor: Scale mail        ||     8
Dodge: Dodged            ||    12
Block: Kite shield       ||    10

Table legend: (Time is in decaauts)
 A = Elapsed time spent in this place.
 B = Non-inter-level travel time spent in this place.
 C = Inter-level travel time spent in this place.
 D = Time resting spent in this place.
 E = Time spent auto-exploring this place.
 F = Levels seen in this place.
 G = Mean time per level.
                   A        B        C        D        E       F      G
               +--------+--------+--------+--------+--------+-----+--------+
         Total |     98 |     98 |      0 |      0 |      0 |   2 |   49.0 |
       Dungeon |     98 |     98 |      0 |      0 |      0 |   2 |   49.0 |
               +--------+--------+--------+--------+--------+-----+--------+

Top non-repeatable levels by time:
     D:1: 79 daAuts
     D:2: 18 daAuts
